 Dungeon Sprint DCSS version 0.30-a0-728-gc68057be0a (webtiles) character file.

Game seed: 8651353597077273900

133 rocky1 the Cudgeller (level 5, -5/51 HPs)
             Began as a Naga Fighter on Feb 1, 2023.
             Was an Initiate of Gozag.
             Slain by a flying skull (7 damage)
             ... in the Dungeon (Sprint VII: "The Pits").
             The game lasted 00:02:14 (320 turns).

rocky1 the Cudgeller (Naga Fighter)                  Turns: 320, Time: 00:02:15

Health: -5/51      AC: 12    Str: 20    XL:     5   Next: 16%
Magic:  5/5        EV:  5    Int:  8    God:    Gozag
Gold:   159        SH:  5    Dex: 11    Spells: 4/4 levels left

rFire   . . .      SeeInvis +    p - +0 mace (heavy)
rCold   . . .      Faith    .    c - +0 buckler
rNeg    . . .      Spirit   .    q - +3 chain mail
rPois   +          Reflect  .    (no helmet)
rElec   .          Harm     .    o - +1 cloak
rCorr   .          Rampage  .    (no gloves)
Will    .....      NoTele   +    (no barding) Stlth
                                 (no amulet)
HPRegen 0.28/turn                (no ring)
MPRegen 0.09/turn                (no ring)

@: on berserk cooldown, hasted and slowed, very slow
A: AC +1, large, see invisible, deformed body, poison resistance, slowness 2,
spit poison 1, naga tail 1
a: Spit Poison, Renounce Religion, Potion Petition, Call Merchant, Bribe Branch


You were in the Dungeon.
You worshipped Gozag.
Gozag was aware of your devotion.
You visited 1 branch You collected 549 gold pieces.
You paid 390 gold pieces to Gozag.

Inventory:

Hand Weapons
 a - a +0 flail
 n - a +2 mace
 p - a +0 heavy mace (weapon)
Armour
 b - a +0 scale mail
 c - a +0 buckler (worn)
 o - a +1 cloak (worn)
 q - a +3 chain mail (worn)
Scrolls
 j - a scroll of blinking
 l - 5 scrolls of amnesia
 m - a scroll of butterflies
Potions
 d - a potion of might
 e - 6 potions of curing
 f - 5 potions of heal wounds
 g - a potion of haste
 h - 4 potions of magic
 i - a potion of berserk rage
 k - 2 potions of invisibility


   Skills:
 - Level 4.5 Fighting
 * Level 6.3 Maces & Flails
 - Level 4.0 Armour
 - Level 1.0 Dodging
 + Level 5.6 Shields


You had 4 spell levels left.
You didn't know any spells.
Your spell library was empty.

Dungeon Overview and Level Annotations

Branches:
Dungeon (1/1)

Altars:
Ashenzari
Cheibriados
Dithmenos
Elyvilon
Fedhas
Gozag
Hepliaklqana
Kikubaaqudgha
Makhleb
Nemelex Xobeh
Okawaru
Qazlal
Ru
Sif Muna
Trog
Uskayaw
Vehumet
Wu Jian
Xom
Yredelemnul
Zin
The Shining One
Jiyva
Lugonu


Innate Abilities, Weirdness & Mutations

Your serpentine skin is tough. (AC +1)
You have supernaturally acute eyesight. (SInv)
Armour fits poorly on your strangely shaped body.
Your system is resistant to poisons. (rPois)
You cover ground very slowly.
You can spit poison.
You have a snake-like lower body.


Message History

You closely miss the flying skull.
The gnoll is no longer distracted by gold.
The flying skull barely misses you.
You miss the flying skull.
The orc wizard is no longer distracted by gold.
The flying skull hits you but does no damage. x2
You closely miss the flying skull. You block the flying skull's attack.
The gnoll bouda barks out a call to the hunt!
The flying skull hits you but does no damage.
You thump the flying skull!
The flying skull is severely damaged.
The gnoll is no longer moving quickly.
The flying skull hits you!
The gnoll bouda barks out a call to the hunt!
The gnoll picks up the pace!
The orc priest calls down the wrath of Beogh upon you.
Beogh smites you!
* * * LOW HITPOINT WARNING * * *
You miss the flying skull.
The flying skull is severely damaged.
The flying skull hits you.
* * * LOW HITPOINT WARNING * * *
The orc priest invokes the aid of Beogh against you.
Beogh smites you!
* * * LOW HITPOINT WARNING * * *
You barely miss the flying skull.
The flying skull is severely damaged.
The gnoll is no longer moving quickly.
The flying skull hits you but does no damage.
The flying skull closely misses you.
The gnoll bouda barks out a call to the hunt!
The gnoll picks up the pace!
You hit the flying skull.
The flying skull is severely damaged.
You are no longer berserk.
You are exhausted.
You feel yourself slow down. The flying skull hits you.
* * * LOW HITPOINT WARNING * * *
The flying skull hits you!
You die...
Your body crumbles into a pile of gold.

#'#####'#####.....
#.#.....#[.##.....
#.#.....#))#####'#
#.###'###).##.....
#.#.....#))##.....
#.#.....#..##.....
#.####)##'###...<.
#.#........##.....
#@#........##.....
#z###########.....
#hgo.z..# ######
#gog..g.#
#o.K#gg.# #..##
g.# #... .# #... #
#....


You could see a kobold brigand, a flying skull, a gnoll bouda, a hound, an orc
priest, an orc wizard (invisible) and 2 gnolls.

Vanquished Creatures
  A wolf (D)
  Crazy Yiuf (D)
  A river rat (D)
  An ufetubus (D)
  An endoplasm (D)
  2 giant cockroaches (D)
  2 jackals (D)
  A frilled lizard (D)
  A rat (D)
11 creatures vanquished.

Notes
Turn   | Place    | Note
-------+----------+-------------------------------------------
     0 | D        | rocky1 the Naga Fighter began the quest for the Orb.
     0 | D        | Reached XP level 1. HP: 21/21 MP: 1/1
    24 | D        | Found a bloodstained altar of Trog.
    24 | D        | Found a shimmering blue altar of Sif Muna.
    24 | D        | Found a viscous altar of Jiyva.
    24 | D        | Found a hazy altar of Hepliaklqana.
    24 | D        | Found an opulent altar of Gozag.
    25 | D        | Found a glowing golden altar of the Shining One.
    25 | D        | Found a glowing silver altar of Zin.
    25 | D        | Found a basalt altar of Yredelemnul.
    25 | D        | Found a shimmering altar of Xom.
    25 | D        | Found an ornate altar of the Wu Jian Council.
    25 | D        | Found a sacrificial altar of Ru.
    25 | D        | Found a stormy altar of Qazlal.
    25 | D        | Found an iron altar of Okawaru.
    25 | D        | Found a sparkling altar of Nemelex Xobeh.
    25 | D        | Found a burning altar of Makhleb.
    25 | D        | Found a blossoming altar of Fedhas.
    25 | D        | Found a white marble altar of Elyvilon.
    25 | D        | Found a shadowy altar of Dithmenos.
    25 | D        | Found a snail-covered altar of Cheibriados.
    28 | D        | Found a corrupted altar of Lugonu.
    28 | D        | Found a radiant altar of Vehumet.
    29 | D        | Found an ancient bone altar of Kikubaaqudgha.
    29 | D        | Found a hide-covered altar of Uskayaw.
    29 | D        | Found a broken altar of Ashenzari.
    38 | D        | Became a worshipper of Gozag Ym Sagoz the Greedy
   100 | D        | Reached XP level 2. HP: 27/30 MP: 2/2
   109 | D        | Noticed Crazy Yiuf
   118 | D        | Killed Crazy Yiuf
   119 | D        | Reached XP level 3. HP: 8/37 MP: 3/3
   120 | D        | Reached skill level 3 in Maces & Flails
   120 | D        | Reached skill level 1 in Dodging
   297 | D        | Noticed a wolf
   298 | D        | Noticed a flying skull
   305 | D        | Noticed a kobold brigand
   313 | D        | Killed a wolf
   314 | D        | Reached skill level 6 in Maces & Flails
   314 | D        | Reached skill level 5 in Shields
   314 | D        | Reached XP level 4. HP: 33/45 MP: 4/4
   314 | D        | Reached XP level 5. HP: 38/51 MP: 5/5
   320 | D        | HP: 2/51 [flying skull (1)]
   320 | D        | Slain by a flying skull

Illustrated notes

Levels and vault maps discovered:
D:        pitsprint [storerooms_1, entrance_room_1, metal_vault_3, armoury_3,
          mini_pit_1, grid_room_1, main_hall_1, silver_pit, the_coven_1,
          the_vestibule_1, steel_vault_2, golden_pit, hallway_of_sentries,
          crystal_vault_4, iron_vault_1, final_vault]

Skill      XL: |  1  2  3 |
---------------+----------+-----
Shields        | 3 4 5 |  5.6
Armour         | 3 4 |  4.0
Fighting       | 4 |  4.5
Maces & Flails | 6 |  6.3
Dodging        | 1 |  1.0

Action                     |  1- 3 |  4- 6 || total
---------------------------+-------+-------++-------
  Melee: Mace              |    33 |     7 ||    40
         Flail             |     5 |       ||     5
 Invoke: Potion Petition   |     1 |       ||     1
    Use: Potion            |     3 |       ||     3
   Stab: Distracted        |     1 |       ||     1
 Armour: Scale mail        |    12 |       ||    12
         Chain mail        |    10 |     4 ||    14
  Dodge: Dodged            |    17 |     2 ||    19
  Block: Buckler           |     5 |     1 ||     6

Table legend: (Time is in decaauts)
 A = Elapsed time spent in this place.
 B = Non-inter-level travel time spent in this place.
 C = Inter-level travel time spent in this place.
 D = Time resting spent in this place.
 E = Time spent auto-exploring this place.
 F = Levels seen in this place.
 G = Mean time per level.
                   A        B        C        D        E       F      G
               +--------+--------+--------+--------+--------+-----+--------+
         Total |    387 |    361 |     26 |    109 |      0 |   1 |  387.0 |
       Dungeon |    387 |    361 |     26 |    109 |      0 |   1 |  387.0 |
               +--------+--------+--------+--------+--------+-----+--------+

Top non-repeatable levels by time:
       D: 387 daAuts
